 Dungeon Crawl Stone Soup version 0.29.1-12-g30fa7ad0bf (webtiles) character file.

Game seed: 16317830632590265405

10 sweetbreads the Digger (level 2, -2/15 HPs)
             Began as a Gargoyle Earth Elementalist on Dec 28, 2022.
             Slain by a goblin
             ... wielding a +4 dagger
              (4 damage)
             ... on level 1 of the Dungeon.
             The game lasted 00:04:12 (396 turns).

sweetbreads the Digger (Gargoyle Earth Elementalist) Turns: 396, Time: 00:04:16

Health: -2/15      AC:  4    Str: 11    XL:     2   Next: 20%
Magic:  4/5        EV: 12    Int: 15    God:
Gold:   16         SH:  0    Dex: 10    Spells: 4/5 levels left

rFire   . . .      SeeInvis .   f - +0 club
rCold   . . .      Faith    .   (no shield)
rNeg    + . .      Spirit   .   a - +0 robe
rPois   ∞          Reflect  .   (no helmet)
rElec   +          Harm     .   (no cloak)
rCorr   .          Rampage  .   (no gloves)
Will    .....                   (no boots)
Stlth   ++........              (no amulet)
HPRegen 0.05/turn               (no ring)
MPRegen 0.09/turn               (no ring)

@: no status effects
A: sickness immunity, AC +2, negative energy resistance 1, electricity
resistance, torment resistance 1, petrification resistance
a: no special abilities


You were on level 1 of the Dungeon.
You visited 1 branch of the dungeon, and saw 1 of its levels.

You collected 16 gold pieces.

Inventory:

Hand Weapons
 f - a +0 club (weapon)
Armour
 a - a +0 robe (worn)
Scrolls
 d - a scroll of identify {unknown}
Potions
 b - a potion of magic
 c - a potion of heal wounds {unknown}
 e - a potion of degeneration {unknown}


   Skills:
 - Level 1.8 Dodging
 + Level 2.2 Stealth
 * Level 2.2 Spellcasting
 - Level 0.7 Transmutations
 * Level 3.9 Earth Magic


You had 4 spell levels left.
You knew the following spells:

 Your Spells              Type           Power      Damage    Failure   Level
a - Sandblast             Erth           26%        2d8       4%          1

Your spell library contained the following spells:

 Spells                   Type           Power      Damage    Failure   Level
 Passwall                 Tmut/Erth      6%         N/A       13%         2
 Stone Arrow              Conj/Erth      14%        3d7       28%         3
 Petrify                  Tmut/Erth      8%         N/A       63%         4


Dungeon Overview and Level Annotations

Branches:
Dungeon (1/15)

Altars:


Innate Abilities, Weirdness & Mutations

You are immune to sickness and miasma.
Your stone body is resilient. (AC +2)
You are immune to poison.
You resist negative energy. (rN+)
You are resistant to electric shocks. (rElec)
You are resistant to unholy torment.
You are immune to petrification.


Message History

The bat moves out of view.
You closely miss the goblin.
The goblin shouts!
The goblin closely misses you.
A ball python comes into view.
You miss the goblin. The goblin barely misses you.
You barely miss the goblin. The goblin hits you but does no damage.
The dart slug launches a dart at you. The slug dart hits you.
The goblin hits you with a +4 dagger! The bat hits you but does no damage.
The goblin barely misses you. The bat closely misses you.
You closely miss the bat.
The ball python hisses angrily.
The bat barely misses you. The bat hits you but does no damage.
You miss the bat. The bat hits you. The goblin hits you but does no damage.
The bat misses you. The goblin hits you but does no damage.
The goblin completely misses you. The dart slug launches a dart at you.
The slug dart misses you. The goblin attacks as you move away!
The goblin hits you with a +4 dagger.
* * * LOW HITPOINT WARNING * * *
The ball python bites you.
* * * LOW HITPOINT WARNING * * *
The ball python grabs you. The ball python constricts you.
You see here a hobgoblin corpse.
The ball python's grasp on you weakens, but your attempt to escape fails.
The goblin closely misses you. The ball python barely misses you.
The ball python constricts you.
Unknown command.
Unknown command.
Casting: Sandblast (safe; 4% risk of failure)
Confirm with . or Enter, or press ? or * to list all spells.
Aiming: Sandblast (safe; 4% risk of failure)
Press: ? - help, Shift-Dir - straight line, f - ball python
Aim: a ball python (constricting you, 80% to hit)
The blast of sand hits the ball python.
You kill the ball python!
The bat closely misses you. The bat barely misses you.
The goblin hits you but does no damage. The goblin hits you with a +4 dagger.
You die...

##..#.##..#.......##..?....
...##....###..##..##..#....
.##..#.##.............#..#
#.#..##.#.................##
...##.†..##.#.........# #...
##.#..##.#..#.........#..##.
##..#.##..#.......w†.......#
...##....###.....gb..#......
.##..#.##..#....@....# .S...
#.#..##.#...>..#####........
..##....##....# ###......
##.#..##.#.....# ...... # ..
##..##.### ..... ...# #.#
..... #.## #.# .... # #.#
#### #$#


You could see a dart slug, a goblin and a bat.

Vanquished Creatures
  A dart slug (D:1)
  A ball python (D:1)
  A giant cockroach (D:1)
  A goblin (D:1)
  2 hobgoblins (D:1)
  A quokka (D:1)
  A bat (D:1)
8 creatures vanquished.

Notes
Turn   | Place    | Note
-------+----------+-------------------------------------------
     0 | D:1      | sweetbreads the Gargoyle Earth Elementalist began the quest
                  | for the Orb.
     0 | D:1      | Reached XP level 1. HP: 10/10 MP: 3/3
   330 | D:1      | Reached XP level 2. HP: 15/15 MP: 1/5
   396 | D:1      | Slain by a goblin

Illustrated notes

Levels and vault maps discovered:
D:1:      grunt_arrival_lava_bath, layout_rooms, ebering_ecumenical_altar_webs,
          nicolae_eternal_life

Action                   || total
-------------------------++-------
Melee: Unarmed           ||    14
       Club              ||     6
 Cast: Sandblast         ||     8
 Stab: Sleeping          ||     1
Armor: Robe              ||    16
Dodge: Dodged            ||    23
